 Dungeon Crawl Stone Soup version 0.19.1 (webtiles) character file.

95 dajomu the Covered (level 4, -2/35 HPs)
             Began as a Human Fighter on Dec 11, 2016.
             Slain by Vajrapani's ghost (8 damage)
             ... on level 3 of the Dungeon.
             The game lasted 00:15:46 (2128 turns).

dajomu the Covered (Human Fighter)                  Turns: 2128, Time: 00:15:51

Health: -2/35      AC: 11    Str: 19    XL:     4   Next: 97%
Magic:  4/4        EV:  7    Int: 10    God:    Xom [..*...]
Gold:   54         SH:  9    Dex: 12    Spells: 0 memorised, 3 levels left

rFire  . . .     SeeInvis .     a - +0 long sword
rCold  . . .     Gourm    .     b - +0 scale mail
rNeg   . . .     Faith    .     c - +0 shield
rPois  .         Spirit   .     j - +2 helmet
rElec  .         Reflect  .     (no cloak)
rCorr  .         Harm     .     (no gloves)
MR     .....                    h - +0 pair of boots
Stlth  ..........               (no amulet)
                                (no ring)
                                n - +3 ring of strength

@: lethally poisoned (-2 -> -3)
A: no striking features
a: Renounce Religion


You were on level 3 of the Dungeon.
You worshipped Xom.
You were a toy of Xom.
You were not hungry.

You visited 1 branch of the dungeon, and saw 3 of its levels.

You collected 54 gold pieces.

Inventory:

Hand Weapons
 a - a +0 long sword (weapon)
Missiles
 i - 25 bolts
 m - 28 arrows
Armour
 b - a +0 scale mail (worn)
 c - a +0 shield (worn)
 f - a +0 robe
 h - a +0 pair of boots (worn)
 j - a +2 helmet (worn)
 k - a +0 helmet
 r - a cursed -1 chain mail
Jewellery
 n - a +3 ring of strength (left hand)
Scrolls
 e - 2 scrolls of amnesia
Potions
 d - a potion of might
 g - a potion of cancellation
 l - a potion of magic {unknown}
 o - 2 potions of haste {unknown}
 p - a potion of ambrosia {unknown}


   Skills:
 + Level 3.3 Fighting
 + Level 3.2 Long Blades
 + Level 3.7 Armour
 + Level 0.4 Dodging
 + Level 0.2 Stealth
 + Level 3.5 Shields


You had 3 spell levels left.
You didn't know any spells.

Dungeon Overview and Level Annotations

Branches:
Dungeon (3/15)

Altars:
Xom

Portals:
Sewer: D:3

Annotations:
D:3 Vajrapani's ghost, amateur DrMo


Message History

The giant cockroach bites you but does no damage.
You block the giant cockroach's attack. The giant cockroach closely misses you.
You riposte.
Your unstable footing causes you to fumble your attack.
You see here a giant cockroach corpse.
You feel sick.
Vajrapani's ghost swings its fists at you.
The giant cockroach bites you but does no damage.
You block the giant cockroach's attack. The giant cockroach barely misses you.
You riposte.
Your unstable footing causes you to fumble your attack.
A frilled lizard comes into view.
There is a glowing drain here.
The frilled lizard hisses angrily.
You block the giant cockroach's attack. The giant cockroach closely misses you.
You riposte.
You slash the giant cockroach!
You kill the giant cockroach!
Vajrapani's ghost hits you!
You die...
Xom snickers!

#.# #. #.# # #!. #
###.#######.#
..).#.##...........#
....#.#...$.........
#....#..#######...#
#.....hg#≈†≈≈≈#...#
##......oZhs@≈≈#...#
#.....#..#≈W≈≈≈#..l#
.....(...#######....
###..##...rsg.....##
#.... #.#######.#.#
..##.##.#### .# #
#.##.......# #
#.....<.##.#
##.#.#### #


You could see Vajrapani's ghost, an orc, a worker ant zombie, 2 jackals, 2 giant
cockroaches, a hobgoblin, a goblin, a frilled lizard and a rat.

Vanquished Creatures
  Natasha (D:2)
  An adder (D:3)
  A worm (D:2)
  2 dart slugs (D:1)
  2 leopard geckos
  2 ball pythons
  6 giant cockroaches
  11 goblins
  7 hobgoblins
  3 jackals (D:1)
  4 kobolds
  2 bats
  2 frilled lizards (D:1)
  3 rats
47 creatures vanquished.

Notes
Turn   | Place    | Note
-------+----------+-------------------------------------------
     0 | D:1      | dajomu the Human Fighter began the quest for the Orb.
     0 | D:1      | Reached XP level 1. HP: 18/18 MP: 1/1
   214 | D:1      | Reached XP level 2. HP: 24/24 MP: 2/2
   751 | D:1      | Reached XP level 3. HP: 25/29 MP: 3/3
  1356 | D:2      | Found a shimmering altar of Xom.
  1371 | D:2      | Found a shimmering altar of Xom.
  1371 | D:2      | Found a shimmering altar of Xom.
  1371 | D:2      | Found a shimmering altar of Xom.
  1383 | D:2      | Found a shimmering altar of Xom.
  1384 | D:2      | Found a shimmering altar of Xom.
  1384 | D:2      | Found a shimmering altar of Xom.
  1583 | D:2      | Found a shimmering altar of Xom.
  1583 | D:2      | Found a shimmering altar of Xom.
  1689 | D:2      | Became a worshipper of Xom of Many Doors
  1861 | D:2      | XOM: noise
  1875 | D:2      | XOM: enchant monster (good)
  1927 | D:2      | Reached XP level 4. HP: 35/35 MP: 4/4
  1970 | D:2      | XOM: confusion (+ monsters)
  1987 | D:2      | XOM: mild Necr miscast
  2031 | D:2      | Noticed Natasha
  2031 | D:2      | XOM: mild Necr miscast
  2034 | D:2      | XOM: confuse monster(s)
  2044 | D:2      | Killed Natasha
  2108 | D:3      | Found a glowing drain.
  2117 | D:3      | Noticed Vajrapani's ghost (amateur DrMo)
  2128 | D:3      | Slain by Vajrapani's ghost

Skill      XL: |  1  2  3  4 |
---------------+-------------+-----
Long Blades    | 3 |  3.2
Fighting       | |  3.3
Armour         | |  3.7
Dodging        | |  0.4
Stealth        | |  0.2
Shields        | |  3.5

Action                   |  1- 3 |  4- 6 || total
-------------------------+-------+-------++-------
Melee: Long sword        |   111 |    35 ||   146
  Use: Scroll            |     3 |     1 ||     4
  Eat: Bread ration      |     1 |       ||     1
Armor: Scale mail        |    60 |    46 ||   106
Dodge: Dodged            |    37 |    20 ||    57
Block: Shield            |    53 |    38 ||    91
       Rpst.: Long sword |    13 |     9 ||    22
